 Dungeon Crawl Stone Soup version 0.30-a0-269-gf0224bf7b6 (webtiles) character file.

Game seed: 10915919061859079408

50 Lobster4 the Ruffian (level 3, -2/36 HPs)
             Began as a Troll Monk on Oct 14, 2022.
             Slain by Grinder (8 damage)
             ... on level 3 of the Dungeon.
             The game lasted 00:03:43 (1316 turns).

Lobster4 the Ruffian (Troll Monk)                   Turns: 1316, Time: 00:03:44

Health: -2/36      AC:  4    Str: 21    XL:     3   Next: 55%
Magic:  2/2        EV: 10    Int:  6    God:
Gold:   99         SH:  0    Dex: 12    Spells: 2/2 levels left

rFire   . . .      SeeInvis .      - Unarmed
rCold   . . .      Faith    .    (no shield)
rNeg    . . .      Spirit   .    a - +0 robe
rPois   .          Reflect  .    (helmet restricted)
rElec   .          Harm     .    (no cloak)
rCorr   .          Rampage  .    (gloves unavailable)
Will    .....                    (boots unavailable)
Stlth   +.........               (no amulet)
HPRegen 1.06/turn                (no ring)
MPRegen 0.08/turn                (no ring)

@: confused, ambrosia-drunk
A: large, unfitting armour, claws 3, regeneration 1, shaggy fur 1, tough skin 1
a: no special abilities


You were on level 3 of the Dungeon.
You visited 1 branch of the dungeon, and saw 3 of its levels.

You collected 99 gold pieces.

Inventory:

Hand Weapons
 b - a +0 sling
Missiles
 c - 33 stones
 d - 5 poisoned darts
 n - 5 boomerangs (quivered)
Armour
 a - a +0 robe (worn)
Scrolls
 e - a scroll of poison
 i - a scroll of summoning {unknown}
 l - a scroll of fear {unknown}
 m - a scroll of identify {unknown}
 o - a scroll of teleportation {unknown}
Potions
 f - a potion of cancellation {unknown}
 g - a potion of haste {unknown}
 h - a potion of ambrosia
 j - a potion of magic {unknown}
 k - a potion of invisibility {unknown}
 p - a potion of lignification {unknown}
 q - a potion of attraction {unknown}


   Skills:
 + Level 2.8 Fighting
 + Level 0.2 Throwing
 + Level 2.9 Dodging
 - Level 1.0 Stealth
 * Level 3.7 Unarmed Combat


You had 2 spell levels left.
You didn't know any spells.
Your spell library contained the following spells:

 Spells                   Type           Power      Damage    Failure   Level
 Summon Small Mammal      Summ           0%         N/A       45%         1
 Call Canine Familiar     Summ           0%         N/A       83%         3
 Summon Guardian Golem    Hex/Summ       0%         N/A       83%         3


Dungeon Overview and Level Annotations

Branches:
Dungeon (3/15)

Altars:

Shops:
D:2 !

Annotations:
D:3 Grinder


Innate Abilities, Weirdness & Mutations

You are too large for most types of armour.
You have claws for hands.
Your natural rate of healing is unusually fast.
You are covered in fur. (AC +1)
You have tough skin. (AC +1)


Message History

Grinder blinks!
Okay, then.
Unknown command.
Press: ? - help, v - describe, . - travel
Here: Grinder The floor.
Unknown command.
Grinder grins, showing sharp teeth.
You closely miss Grinder. You barely miss Grinder. Grinder hits you!
You claw Grinder!
Grinder is moderately wounded.
Grinder hits you.
You scratch Grinder.
Grinder is moderately wounded.
Grinder hits you but does no damage.
You scratch Grinder.
Grinder is heavily wounded.
Grinder blinks!
You barely miss Grinder.
Grinder is heavily wounded.
Grinder hits you.
You writhe in agony.
You closely miss Grinder.
Grinder is heavily wounded.
Grinder hits you.
You writhe in agony.
You closely miss Grinder.
Grinder is heavily wounded.
Grinder hits you!
You writhe in agony.
* * * LOW HITPOINT WARNING * * *
You closely miss Grinder.
Grinder is heavily wounded.
Grinder hits you.
* * * LOW HITPOINT WARNING * * *
You writhe in agony.
* * * LOW HITPOINT WARNING * * *
You are confused.
You feel invigorated.
Grinder says, "Mostly I couldn't keep them alive."
Grinder hits you!
You die...

#..##.......+
#........#.##
#.###.##.### #.# #.##.#
####.# #.# ## ###..#.#
#.# .......# ### ###
###>.##############.....
###..# #.......5@.......
.##..###.###############
................
.#######.####### .# #.#
.# #.# .# #.# .# #.# .#
#.#


You could see Grinder.

Vanquished Creatures
  An adder (D:3)
  2 dart slugs
  An orc (D:3)
  5 endoplasms
  5 giant cockroaches
  A goblin (D:1)
  A hobgoblin (D:1)
  3 jackals (D:1)
  3 quokkas
  4 ball pythons
  3 frilled lizards (D:1)
  2 rats (D:1)
31 creatures vanquished.

Notes
Turn   | Place    | Note
-------+----------+-------------------------------------------
     0 | D:1      | Lobster4 the Troll Monk began the quest for the Orb.
     0 | D:1      | Reached XP level 1. HP: 22/22 MP: 0/0
    98 | D:1      | Reached XP level 2. HP: 29/29 MP: 1/1
   145 | D:1      | Found a faded altar of an unknown god.
   525 | D:2      | Reached XP level 3. HP: 34/36 MP: 2/2
   609 | D:2      | Found Xoemogyw's Distillery.
  1304 | D:3      | Noticed Grinder
  1316 | D:3      | Slain by Grinder

Illustrated notes

Levels and vault maps discovered:
D:1:      mrwooster_arrival_statue, layout_basic,
          chequers_ecumenical_altar_simple, kennysheep_nondescript,
          minmay_lizard_pond
D:2:      layout_loops_ring, serial_shops, shop, dk_noncrumbling_4
D:3:      layout_basic, grunt_ministairs_14, uniq_grinder

Action                   || total
-------------------------++-------
Melee: Unarmed           ||    83
       Punch             ||     3
Throw: Boomerang         ||     4
  Use: Scroll            ||     1
       Potion            ||     1
 Stab: Sleeping          ||     1
Armor: Robe              ||    29
Dodge: Dodged            ||    39

Table legend: (Time is in decaauts)
 A = Elapsed time spent in this place.
 B = Non-inter-level travel time spent in this place.
 C = Inter-level travel time spent in this place.
 D = Time resting spent in this place.
 E = Time spent auto-exploring this place.
 F = Levels seen in this place.
 G = Mean time per level.
                   A        B        C        D        E       F      G
               +--------+--------+--------+--------+--------+-----+--------+
         Total |   1311 |   1280 |     31 |      0 |   1053 |   3 |  437.0 |
       Dungeon |   1311 |   1280 |     31 |      0 |   1053 |   3 |  437.0 |
               +--------+--------+--------+--------+--------+-----+--------+

Top non-repeatable levels by time:
     D:2: 621 daAuts
     D:1: 481 daAuts
     D:3: 209 daAuts
